 Dungeon Crawl Stone Soup version 0.25-a0-578-gc91f01c39c (webtiles) character file.

Game seed: 5879896907593298081, levelgen mode: deterministic

226 Forecaster the Magician (level 6, -1/50 HPs)
             Began as a Naga Wizard on Mar 4, 2020.
             Slain by iroha's ghost (4 damage)
             ... on level 3 of the Dungeon.
             The game lasted 00:13:23 (2337 turns).

Forecaster the Magician (Naga Wizard)               Turns: 2337, Time: 00:13:24

Health: -1/50      AC:  3    Str:  7 (9)  XL:     6   Next: 1%
Magic:  0/12       EV:  9    Int: 18 (19) God:
Gold:   121        SH:  0    Dex:  9 (11) Spells: 8/13 levels left

rFire    . . .     SeeInvis +   f - +3 hunting sling
rCold    . . .     Gourm    .   (no shield)
rNeg     . . .     Faith    .   i - +0 leather armour
rPois    +         Spirit   +   b - +0 hat
rElec    .         Reflect  .   (no cloak)
rCorr    .         Harm     .   (no gloves)
MR       .....                  (no barding)
Stlth    ++........             h - amulet of guardian spirit
HPRegen  0.16/turn              (no ring)
MPRegen  0.13/turn              (no ring)

@: very slow
A: large, see invisible, deformed body, poison resistance, slowness 2, slow
metabolism 1, spit poison 1, AC +2
a: Spit Poison


You were on level 3 of the Dungeon.
You were hungry.

You visited 1 branch of the dungeon, and saw 3 of its levels.

You collected 121 gold pieces.

Inventory:

Hand Weapons
 f - a +3 hunting sling (weapon)
 q - a +0 dagger
 w - a +0 dagger
Missiles
 c - 108 arrows
 e - 93 stones (quivered)
 n - 14 bolts
 o - 20 sling bullets
Armour
 a - a +0 robe
 b - a +0 hat (worn)
 i - a +0 leather armour (worn)
 k - a +2 buckler
Jewellery
 h - an amulet of guardian spirit (around neck)
Wands
 t - a wand of random effects (19)
Scrolls
 g - a scroll of enchant weapon {unknown}
 l - a scroll of fear {unknown}
 m - 2 scrolls of teleportation {unknown}
 p - 2 scrolls of remove curse {unknown}
 s - a scroll of identify {unknown}
Comestibles
 d - a ration


   Skills:
 + Level 0.7 Fighting
 + Level 1.3 Slings
 + Level 1.3 Armour
 + Level 1.8 Dodging
 + Level 3.5 Stealth
 + Level 4.4 Spellcasting
 + Level 2.1 Conjurations
 + Level 2.0 Summonings
 + Level 1.0 Translocations


You had 8 spell levels left.
You knew the following spells:

 Your Spells              Type           Power        Failure   Level  Hunger
a - Magic Dart            Conj           ##..         9%          1    None
b - Call Imp              Summ           ##......     14%         2    #......
c - Blink                 Tloc           N/A          21%         2    #......

Your spell library contained the following spells:

 Spells                   Type           Power        Failure   Level  Hunger
 Slow                     Hex            #.......     30%         2    #......
 Conjure Flame            Conj/Fire      #.......     38%         3    ###....
 Mephitic Cloud           Conj/Pois/Air  #.......     43%         3    ###....


Dungeon Overview and Level Annotations

Branches:
Dungeon (3/15)

Altars:

Annotations:
D:3 iroha's ghost, amateur OgHu


Innate Abilities, Weirdness & Mutations

You cannot wear boots.
Your serpentine skin is tough. (AC +2)
You have supernaturally acute eyesight. (SInv)
Armour fits poorly on your strangely shaped body.
Your system is resistant to poisons. (rPois)
You cover ground very slowly.
You have a slow metabolism.
You can spit poison.


Message History

Your crimson imp dies!
Items here: ))) [[ ÷÷ You see here a war axe.
You start resting.
Iroha's ghost is too close now for your liking.
Iroha's ghost barely misses you.
Casting: Magic Dart (safe; 9% risk of failure)
Confirm with . or Enter, or press ? or * to list all spells.
A beastly little devil appears in a puff of flame.
Iroha's ghost hits you.
* * * LOW HITPOINT WARNING * * *
Casting: Call Imp (safe; 14% risk of failure)
Confirm with . or Enter, or press ? or * to list all spells.
Aiming: Magic Dart (safe; 9% risk of failure)
Press: ? - help, Shift-Dir - straight line, f/p - iroha's ghost
Aim: iroha's ghost, wielding a vampiric weapon (heavily damaged)
The magic dart hits iroha's ghost but does no damage.
Iroha's ghost is heavily damaged.
Iroha's ghost hits you.
You die...

#.###.# ... #.##..#
####....
#.##.#######.....#
#.##)......W.#
##.##)#######(# ##..##.#
#.## ### #####..)...#
##..##...
#.....####)########(...##
#......W@..#≈$≈≈≈≈(†.....
#....>5....########.####.
#............# ###..###<.
####.........##....##....
#.#.......#..#####.##.
#.#.........####...##.
#.#.......##.....####.
..#..........##### ..
#.......#### ..


You could see iroha's ghost and a friendly crimson imp.

Vanquished Creatures
  Natasha (D:2)
  Robin (D:3)
  3 adders
  A worm (D:3)
  A dart slug (D:1)
  3 leopard geckos (D:2)
  An orc (D:2)
  2 ball pythons
  A bat (D:2)
  3 giant cockroaches
  8 goblins
  13 hobgoblins
  A frilled lizard (D:1)
  6 kobolds
  6 rats
51 creatures vanquished.

Vanquished Creatures (collateral kills)
  A bullfrog (D:3)
  Natasha (twice) (D:2)
  4 gnolls (D:2)
  An adder (D:3)
  3 goblins
  A hobgoblin (D:2)
  A ball python (D:2)
  A rat (D:2)
14 creatures vanquished.

Grand Total: 65 creatures vanquished

Notes
Turn   | Place    | Note
-------+----------+-------------------------------------------
     0 | D:1      | Forecaster the Naga Wizard began the quest for the Orb.
     0 | D:1      | Reached XP level 1. HP: 15/15 MP: 4/4
   240 | D:1      | Reached XP level 2. HP: 22/22 MP: 3/6
   271 | D:1      | Learned a level 2 spell: Call Imp
   274 | D:1      | Learned a level 2 spell: Blink
  1013 | D:2      | Reached XP level 3. HP: 23/28 MP: 0/8
  1147 | D:2      | Reached skill level 4 in Spellcasting
  1214 | D:2      | Noticed Natasha
  1218 | D:2      | Killed Natasha
  1218 | D:2      | Reached XP level 4. HP: 31/36 MP: 7/10
  1379 | D:2      | Reached skill level 1 in Slings
  1593 | D:2      | Reached XP level 5. HP: 41/43 MP: 4/11
  1717 | D:2      | Noticed Natasha
  1731 | D:2      | Killed Natasha
  1765 | D:2      | Noticed Natasha
  1772 | D:2      | Killed Natasha
  1917 | D:3      | Noticed Robin
  1965 | D:3      | Killed Robin
  2269 | D:3      | Found a runed translucent door.
  2273 | D:3      | Noticed iroha's ghost (amateur OgHu)
  2286 | D:3      | Reached skill level 1 in Armour
  2295 | D:3      | Reached XP level 6. HP: 29/50 MP: 5/12
  2337 | D:3      | Slain by iroha's ghost

Levels and vault maps discovered:
D:1:      nzn_arrival_crosshair, layout_loops_corners
D:2:      layout_loops_ring, uniq_natasha
D:3:      layout_rooms, lemuel_round_altar, ebering_ghost_sewer_d, uniq_robin,
          uniq_terence

Skill      XL: |  1  2  3  4  5 |
---------------+----------------+-----
Spellcasting   | 4 |  4.4
Conjurations   | 2 |  2.1
Slings         | 1 |  1.3
Armour         | 1 |  1.3
Summonings     | 2 |  2.0
Fighting       | |  0.7
Dodging        | |  1.8
Stealth        | |  3.5
Translocations | |  1.0

Action                   |  1- 3 |  4- 6 || total
-------------------------+-------+-------++-------
Melee: Unarmed           |     3 |       ||     3
       Dagger            |       |    43 ||    43
 Fire: Hunting sling     |    35 |    35 ||    70
Throw: Stone             |       |     3 ||     3
 Cast: Magic Dart        |    41 |    27 ||    68
       Call Imp          |     1 |    23 ||    24
  Use: Potion            |       |     4 ||     4
 Stab: Sleeping          |       |     3 ||     3
  Eat: Chunk             |       |     3 ||     3
Armor: Leather armour    |     2 |    18 ||    20
Dodge: Dodged            |    11 |    41 ||    52

Table legend:
 A = Non-vault XP
 B = Vault XP
 C = Vault XP percentage of total XP
 D = Non-vault monster count
 E = Vault monster count
 F = Vault count percentage of total count
                 A         B        C        D         E       F
            +---------+---------+-------+---------+---------+-------
      Total |     179 |     144 |  44.6 |      53 |      12 |  18.5
            +---------+---------+-------+---------+---------+-------
        D:1 |      26 |       0 |   0.0 |      15 |       0 |   0.0
        D:2 |     142 |      35 |  19.8 |      33 |       1 |   2.9
        D:3 |      11 |     109 |  90.8 |       5 |      11 |  68.8
            +---------+---------+-------+---------+---------+-------
